 Dungeon Crawl Stone Soup version 0.19.4-9-g45fd643 (webtiles) character file.

1235 sveltemanboy the Sneak (level 8, 0/37 HPs)
             Began as a Vine Stalker Gladiator on Feb 18, 2017.
             Killed by divine providence
             ... invoked by an orc priest
              (9 damage)
             ... on level 5 of the Dungeon.
             The game lasted 00:11:44 (4803 turns).

sveltemanboy the Sneak (Vine Stalker Gladiator)     Turns: 4803, Time: 00:11:45

Health: 0/37       AC: 10    Str: 17 (18) XL:     8   Next: 49%
Magic:  0/12       EV: 14    Int: 10      God:
Gold:   297        SH:  4    Dex: 17 (18) Spells: 0 memorised, 11 levels left

rFire  . . .     SeeInvis .     a - +1 whip (venom)
rCold  . . .     Gourm    .     E - +3 leather armour
rNeg   . . .     Faith    .     (no shield)
rPois  +         Spirit   +     c - +0 helmet
rElec  .         Reflect  .     x - +0 cloak
rCorr  .         Harm     .     I - +0 pair of gloves
MR     +....     Clarity  +     l - +0 pair of boots
Stlth  ++++......               (no amulet)
                                G - +3 ring of dexterity
                                H - ring of stealth

@: no status effects
A: fangs 3, large bone plates 1, clarity, deterioration 1, frail 1, poison
resistance, regeneration 1, magic shield, antimagic bite, no device heal 3, rot
immunity, subdued magic 1
a: no special abilities


You were on level 5 of the Dungeon.
You were not hungry.

You visited 2 branches of the dungeon, and saw 6 of its levels.

You collected 297 gold pieces.

Inventory:

Hand Weapons
 a - a +1 whip of venom (weapon)
 b - a +0 whip of holy wrath
 m - a +0 long sword
Missiles
 d - a throwing net (quivered)
Armour
 c - a +0 helmet (worn)
 l - a +0 pair of boots (worn)
 x - a +0 cloak (worn)
 E - a +3 leather armour (worn)
 I - a +0 pair of gloves (worn)
Jewellery
 v - an uncursed ring of resist corrosion
 G - a +3 ring of dexterity (right hand)
 H - a ring of stealth (left hand)
Wands
 t - a wand of slowing (19/48)
Scrolls
 e - 3 scrolls of noise {unknown}
 g - 9 scrolls of teleportation {unknown}
 j - a scroll of fear {unknown}
 o - 3 scrolls of identify {unknown}
 q - a scroll of immolation {unknown}
 r - 2 scrolls of random uselessness {unknown}
 s - 2 scrolls of magic mapping {unknown}
 y - 2 scrolls of enchant armour {unknown}
 D - a scroll of remove curse {unknown}
Potions
 i - a potion of might {unknown}
 n - 2 potions of haste {unknown}
 w - a potion of brilliance {unknown}
 A - a potion of lignification {unknown}
 B - a potion of agility {unknown}
 C - 2 potions of curing
Books
 F - a book of Debilitation

   Spells                             Type                      Level
   a - Corona                         Hexes                        1
   b - Slow                           Hexes                        2
   c - Gell's Gravitas                Hexes/Translocation          3
   d - Inner Flame                    Hexes/Fire                   3
   e - Cause Fear                     Hexes                        4
   f - Leda's Liquefaction            Hexes/Earth                  4
Comestibles
 f - 3 bread rations
 h - 4 fruits
 k - 6 meat rations
 p - a chunk of flesh
 u - a royal jelly
 z - 2 beef jerkies


   Skills:
 - Level 4.0 Fighting
 - Level 2.6 Long Blades
 - Level 1.7 Throwing
 - Level 3.0 Armour
 - Level 4.0 Dodging
 + Level 5.0 Stealth
 + Level 2.3 Spellcasting
 + Level 4.7 Evocations


You had 11 spell levels left.
You didn't know any spells.

Dungeon Overview and Level Annotations

Branches:
Dungeon (5/15)             Temple (1/1) D:4

Altars:
Cheibriados
Dithmenos
Elyvilon
Fedhas
Gozag
Hepliaklqana
Kikubaaqudgha
Makhleb
Nemelex Xobeh
Okawaru
Qazlal
Ru
Sif Muna
Trog
Vehumet
Xom
Yredelemnul
Zin
The Shining One


Innate Abilities, Weirdness & Mutations

You have razor-sharp teeth.
Your natural rate of healing is unusually fast.
When hurt, damage is shared between your health and your magic reserves.
Your bite disrupts and absorbs the magic of your enemies.
Potions and wands cannot restore your health.
You are immune to rotting.
You are partially covered in large bone plates. (SH +4)
You possess an exceptional clarity of mind.
Your body sometimes deteriorates upon taking damage.
You are frail. (-10% HP)
Your system is resistant to poisons. (rPois)
Your spells are a little easier to cast, but a little less powerful.


Message History

You hit the orc warrior.
The orc warrior is poisoned.
You bite the orc warrior. You drain its power.
You feel invigorated.
The orc warrior is lightly wounded.
The orc warrior hits you with a quarterstaff!!
The orc barely misses you.
You hit the orc warrior.
The orc warrior looks as sick as possible!
You bite the orc warrior, but do no damage.
The orc warrior is moderately wounded.
The orc warrior barely misses you. The orc closely misses you.
You barely miss the orc warrior.
You bite the orc warrior, but do no damage.
The orc warrior is heavily wounded.
The orc barely misses you.
The orc warrior hits you with a quarterstaff!
* * * LOW HITPOINT WARNING * * *
The orc priest looks encouraged for a moment.
The orc priest mumbles some strange prayers to Beogh against you.
Beogh smites you!
You die...

#...........#
#.####.####.#
#.##...# #.#
#.##.#.####.#########
#.##.#>.............#
#....#<#....#######.#
######.#.#### #.#
#.#.# #.## ######@#.#
#..# #o†oo..#.# ##.#
#o######.# #.##
#........# #..#
#..####### ##.#
#..†(....# #..
##.#####.# ##. #.o #.
#### #.


You could see an orc warrior, 2 orc priests and an orc.

Vanquished Creatures
  Sigmund (D:2)
  2 sky beasts (D:5)
  An ice beast (D:5)
  2 phantoms
  An ogre (D:5)
  A crimson imp (D:5)
  A jelly (D:4)
  A hound (D:5)
  An orc wizard (D:4)
  A bullfrog skeleton (D:5)
  Jessica (D:5)
  An iguana (D:4)
  Ijyb (D:2)
  5 worker ants
  A hound skeleton (D:4)
  4 adders
  4 gnolls (D:3)
  7 worms
  A dart slug (D:2)
  4 leopard geckos
  9 orcs
  3 ball pythons
  7 bats
  A bat zombie (D:4)
  11 giant cockroaches
  5 goblins
  13 hobgoblins
  8 kobolds
  2 quokkas
  A ball python skeleton (D:4)
  3 frilled lizards
  A leopard gecko skeleton (D:4)
  4 rats
  A rat zombie (D:4)
110 creatures vanquished.

Notes
Turn   | Place    | Note
-------+----------+-------------------------------------------
     0 | D:1      | sveltemanboy the Vine Stalker Gladiator began the quest for the Orb.
     0 | D:1      | Reached XP level 1. HP: 11/11 MP: 2/2
    89 | D:1      | Reached XP level 2. HP: 3/15 MP: 3/3
  1060 | D:1      | Reached XP level 3. HP: 18/18 MP: 4/4
  1150 | D:1      | Reached skill level 1 in Armour
  1349 | D:2      | Noticed Ijyb
  1359 | D:2      | Killed Ijyb
  1385 | D:2      | Gained mutation: Your natural rate of healing is unusually fast. [Vine Stalker growth]
  1385 | D:2      | Reached XP level 4. HP: 20/23 MP: 5/5
  1454 | D:2      | Noticed Sigmund
  1464 | D:2      | Killed Sigmund
  1464 | D:2      | Reached XP level 5. HP: 28/28 MP: 6/6
  1663 | D:2      | Reached XP level 6. HP: 32/32 MP: 7/7
  3311 | D:4      | Reached skill level 1 in Evocations
  3347 | D:4      | Found a staircase to the Ecumenical Temple.
  3363 | Temple   | Entered the Ecumenical Temple
  3670 | D:4      | Found an ancient bone altar of Kikubaaqudgha.
  3736 | D:4      | Reached XP level 7. HP: 35/37 MP: 9/9
  3941 | D:4      | Found a shimmering altar of Xom.
  3998 | D:4      | Reached skill level 1 in Stealth
  4151 | D:4      | Found a sparkling altar of Nemelex Xobeh.
  4151 | D:4      | Found a stormy altar of Qazlal.
  4152 | D:4      | Found a glowing silver altar of Zin.
  4313 | D:5      | Entered Level 5 of the Dungeon
  4345 | D:5      | Reached skill level 2 in Stealth
  4373 | D:5      | Gained mutation: You are frail. (-10% HP) [mutagenic meat]
  4374 | D:5      | Gained mutation: Your spells are a little easier to cast, but a little less powerful. [mutagenic meat]
  4375 | D:5      | Gained mutation: Your body sometimes deteriorates upon taking damage. [mutagenic meat]
  4376 | D:5      | Gained mutation: Your system is resistant to poisons. (rPois) [mutagenic meat]
  4377 | D:5      | Gained mutation: You possess an exceptional clarity of mind. [mutagenic meat]
  4378 | D:5      | Gained mutation: You are partially covered in large bone plates. (SH +4) [mutagenic meat]
  4396 | D:5      | Reached skill level 3 in Stealth
  4445 | D:5      | Reached skill level 1 in Spellcasting
  4445 | D:5      | Gained mutation: You have razor-sharp teeth. [Vine Stalker growth]
  4445 | D:5      | Reached XP level 8. HP: 26/37 MP: 8/12
  4514 | D:5      | Reached skill level 4 in Stealth
  4565 | D:5      | Noticed Jessica
  4583 | D:5      | Killed Jessica
  4584 | D:5      | Found a deep blue altar of Sif Muna.
  4787 | D:5      | Reached skill level 5 in Stealth
  4803 | D:5      | Killed from afar by an orc priest

Skill      XL: |  1  2  3  4  5  6  7  8 |
---------------+-------------------------+-----
Fighting       | 2 3 4 |  4.0
Armour         | 1 2 3 |  3.0
Dodging        | 3 4 |  4.0
Evocations     | 1 4 |  4.7
Stealth        | 3 5 |  5.0
Spellcasting   | 1 2 |  2.3
Long Blades    | |  2.6
Throwing       | |  1.7

Action                   |  1- 3 |  4- 6 |  7- 9 || total
-------------------------+-------+-------+-------++-------
Melee: Long sword        |    34 |       |       ||    34
       Bite              |    28 |    42 |    47 ||   117
       Whip              |    46 |   139 |   133 ||   318
Throw: Throwing net      |     2 |     1 |       ||     3
Evoke: Wand              |       |       |     1 ||     1
 Stab: Sleeping          |     1 |       |     9 ||    10
  Eat: Chunk             |     2 |     7 |    10 ||    19
Armor: Leather armour    |    18 |       |    31 ||    49
       Ring mail         |    17 |    26 |     5 ||    48
Dodge: Dodged            |    53 |    68 |    68 ||   189
Block: Other             |       |       |    12 ||    12
       Rpst.: Long sword |     7 |       |       ||     7
